AoeStats
← tyshuff

African Clearing

510327761Analyzed
3v3 RM · 3d ago on Sep 30, 2026· 44m 21s· 6 players
Game mode
Random Map
Map size
Normal (6 player)
Population
200
Speed
Normal
Resources
Standard
Victory
Conquest
Starting age
Dark Age
Ending age
Imperial Age
RankedLock teamsTeams togetherTeam positionsShared explorationLock speedFull tech treeHidden civsTurbo modeCheats
Victory
Defeat
🇨🇳 Vietnamese · China
1196
+15
🇪🇸 Bulgarians · Spain
1138
+17
🇹🇼 Italians · Taiwan
1092
+19
🇪🇸 Berbers · Spain
1280
-21
🇪🇸 Mongols · Spain
1265
-21
🇪🇸 Franks · Spain
954
-9
DonCeltska
5:55 Loom
13:28 Feudal Age
16:09 Forging
23:10 Double-Bit Axe
28:22 Castle Age
26:24 Horse Collar
28:30 Elite Skirmisher
28:37 Elite Skirmisher
29:30 Bow Saw
32:44 Wheelbarrow
32:06 Gold Mining
32:07 Stone Mining
32:28 Heavy Plow
37:48 Fletching
39:24 Fletching
42:53 Imperial Age
彭大帅
7:03 Loom
14:17 Feudal Age
19:07 Castle Age
17:59 Double-Bit Axe
34:01 Fletching
35:21 Bow Saw
34:57 Horse Collar
36:31 Squires
36:17 Arson
37:11 Bodkin Arrow
38:21 Wheelbarrow
37:31 Town Watch
37:53 Padded Archer Armor
39:12 Ballistics
40:58 Thumb Ring
46:56 Imperial Age
tyshuff
14:10 Feudal Age
15:58 Double-Bit Axe
18:24 Castle Age
17:45 Loom
18:15 Padded Archer Armor
18:24 Fletching
22:16 Bodkin Arrow
26:32 Horse Collar
32:07 Wheelbarrow
31:45 Heavy Plow
36:49 Imperial Age
35:18 Thumb Ring
36:28 Padded Archer Armor
36:53 Ballistics
37:03 Bow Saw
38:23 Conscription
39:14 Chemistry
39:27 Elite Genoese Crossbowman
40:43 Hand Cart
41:07 Bracer
41:23 Leather Archer Armor
42:49 Leather Archer Armor
42:40 Gold Mining
42:41 Stone Mining
SuterOne
9:47 Loom
11:48 Feudal Age
10:08 Loom
12:28 Double-Bit Axe
12:51 Horse Collar
20:16 Castle Age
20:08 Fletching
26:36 Wheelbarrow
29:55 Bloodlines
30:59 Husbandry
37:06 Imperial Age
35:17 Town Watch
37:24 Town Patrol
37:49 Ballistics
37:42 Scale Barding Armor
40:30 Gold Mining
40:55 Bow Saw
44:11 Heavy Scorpion
|GaoeG| flamingo
9:27 Loom
11:49 Feudal Age
13:37 Double-Bit Axe
13:37 Horse Collar
15:39 Forging
21:37 Wheelbarrow
25:32 Castle Age
24:04 Fletching
24:15 Padded Archer Armor
24:40 Bloodlines
25:37 Gold Mining
27:02 Bodkin Arrow
27:45 Husbandry
28:13 Bow Saw
34:07 Leather Archer Armor
34:22 Stone Mining
34:45 Heavy Plow
35:41 Ballistics
36:49 Town Watch
38:01 Kasbah
42:18 Imperial Age
40:40 Hand Cart
41:16 Scale Barding Armor
41:47 Iron Casting
42:32 Chain Barding Armor
claran33
9:38 Loom
13:34 Feudal Age
11:59 Loom
15:21 Gold Mining
19:54 Castle Age
20:36 Pikeman
20:38 Man-at-Arms
27:18 Double-Bit Axe
40:01 Forging
Connection lost

Rejoining the realm…

Still unreachable

The connection could not be restored.

Session expired

The server has moved on; the page needs a fresh start.